 Dungeon Crawl Stone Soup version 0.18-a0-1485-g189885c (webtiles) character file.

5 Gorice the Slasher (level 1, 0/16 HPs)
             Began as a Demonspawn Gladiator on Mar 3, 2016.
             Slain by a dart slug (2 damage)
             ... on level 1 of the Dungeon.
             The game lasted 00:00:32 (74 turns).

Gorice the Slasher (Demonspawn Gladiator)             Turns: 74, Time: 00:00:33

Health: 0/16       AC:  4    Str: 15    XL:     1   Next: 66%
Magic:  1/1        EV: 12    Int:  9    God:
Gold:   4          SH:  0    Dex: 13    Spells: 0 memorised, 0 levels left

rFire  . . .     SeeInvis .     a - +0 long sword
rCold  . . .     Gourm    .     b - +0 leather armour
rNeg   . . .     Faith    .     (no shield)
rPois  .         Spirit   .     c - +0 helmet
rElec  .         Dismiss  .     (no cloak)
rCorr  .         Reflect  .     (no gloves)
SustAt .         Harm     .     (no boots)
MR     .....                    (no amulet)
Stlth  +.........               (no ring)
                                (no ring)

@: not resistant to hostile enchantments, very unstealthy
A: no striking features
a: no special abilities


You were on level 1 of the Dungeon.
You were not hungry.

You visited 1 branch of the dungeon, and saw 1 of its levels.

You collected 4 gold pieces.

Inventory:

Hand Weapons
 a - a +0 long sword (weapon)
Missiles
 d - 10 poisoned needles
 Y - 3 throwing nets (quivered)
Armour
 b - a +0 leather armour (worn)
 c - a +0 helmet (worn)
Scrolls
 e - 2 scrolls of fear {unknown}
Comestibles
 f - a bread ration {!e}
 g - 2 chunks of flesh


   Skills:
 - Level 2.0 Fighting
 * Level 3.1 Long Blades
 - Level 1.7 Throwing
 - Level 2.6 Dodging


You couldn't memorise any spells.
You didn't know any spells.

Dungeon Overview and Level Annotations

Branches:
Dungeon (1/15)

Altars:


Message History

The dart slug is moderately wounded.
The dart slug misses you.
You hit the dart slug.
The dart slug is heavily wounded.
You hit the dart slug.
You kill the dart slug!
Your Long Blades skill increases to level 3!
Found 4 gold pieces.
A kobold comes into view.
You see here 2 scrolls labeled DUNIXZIAHY.
e - 2 scrolls labeled DUNIXZIAHY The kobold shouts!
Found a stone staircase leading down.
You see here 4 gold pieces.
You now have 4 gold pieces.
A kobold comes into view.
You hit the kobold but do no damage. The kobold hits you but does no damage.
You barely miss the kobold. The kobold completely misses you.
You barely miss the kobold. The kobold barely misses you.
You hit the kobold.
You kill the kobold!
You barely miss the kobold. The kobold hits you.
Damage: 1 (max 1)
You hit the kobold.
You kill the kobold!
You see here a kobold corpse.
Found a chain mail.
A dart slug comes into view.
A giant newt comes into view.
The dart slug launches a dart at you. The slug dart hits you!
Damage: 5 (max 5)
A kobold comes into view. It is wielding a whip.
The kobold shouts!
Found a leather armour.
You hit the dart slug.
The dart slug is heavily wounded.
The dart slug barely misses you.
You hit the dart slug.
The dart slug is severely wounded.
The dart slug launches a dart at you. The slug dart hits you!
* * * LOW HITPOINT WARNING * * *
Damage: 4 (max 5)
You hit the dart slug but do no damage.
The dart slug is severely wounded.
The giant newt bites you.
* * * LOW HITPOINT WARNING * * *
The dart slug bites you.
You die...

[# # .###### #.
#.......# .##
.####.......# ....
...........#. ....
............
#..#w[.....#...
#.K.@#.......#....
#...l.......# ...#
#.##......####...# ..
#......###.... #.#
#.#.#...##.#.# #
#..#.##.....#.####.
....#.##............
#...#................
#.......##............


You could see a dart slug, a kobold and a giant newt.

Vanquished Creatures
  A dart slug (D:1)
  A goblin (D:1)
  2 kobolds (D:1)
4 creatures vanquished.

Notes
Turn   | Place    | Note
--------------------------------------------------------------
     0 | D:1      | Gorice the Demonspawn Gladiator began the quest for the Orb.
     0 | D:1      | Reached XP level 1. HP: 16/16 MP: 1/1
    32 | D:1      | Reached skill level 3 in Long Blades
    73 | D:1      | HP: 4/16 [dart slug/slug dart (4)]
    74 | D:1      | Slain by a dart slug

Vault maps used:
D:1:      dpeg_arrival_tiny_f, xom_teletrap_fun

Skill      XL: |  1 |
---------------+----+-----
Long Blades    | 3 |  3.1
Fighting       | |  2.0
Throwing       | |  1.7
Dodging        | |  2.6

Action                   || total
-------------------------++-------
Melee: Long sword        ||    14

Table legend:
 A = Turns spent in this place as a percentage of turns spent in the entire game.
 B = Non-inter-level travel turns spent in this place as a percentage of non-inter-level travel turns spent in the entire game.
 C = Inter-level travel turns spent in this place as a percentage of turns spent in this place.
 D = Turns resting spent in this place as a percentage of non-inter-level travel turns spent in this place.
 E = Turns spent auto-exploring this place as a percentage of non-inter-level travel turns spent in this place.
 F = Non-inter-level travel turns spent in this place divided by the number of levels of this place that you've seen.
                   A       B       C       D       E      F
               +-------+-------+-------+-------+-------+----------------------
         Total | 100.0 | 100.0 |   0.0 |   0.0 |   6.3 |  63.0
       Dungeon | 100.0 | 100.0 |   0.0 |   0.0 |   6.3 |  63.0
               +-------+-------+-------+-------+-------+----------------------

Vault maps used:
D:1:      dpeg_arrival_tiny_f, xom_teletrap_fun
